 Dungeon Crawl Stone Soup version 0.28-a0-1567-g1695149f81 (webtiles) character file.

Game seed: 1459573192179654977

27 comborobin the Skirmisher (level 3, -1/26 HPs)
             Began as an Octopode Cinder Acolyte on Jan 20, 2022.
             Was a High Priest of Ignis.
             Slain by an adder (4 damage)
             ... on level 2 of the Dungeon.
             The game lasted 00:00:40 (937 turns).

comborobin the Skirmisher (Octopode Cinder Acolyte)  Turns: 937, Time: 00:00:41

Health: -1/26      AC:  1    Str: 13    XL:     3   Next: 10%
Magic:  4/4        EV: 12    Int: 16    God:    Ignis [*****.]
Gold:   15         SH:  0    Dex:  9    Spells: 4/4 levels left

rFire   + . .      SeeInvis .     - Unarmed
rCold   . . .      Faith    .   (no shield)
rNeg    . . .      Spirit   .   (helmet restricted)
rPois   .          Reflect  .   (no amulet)
rElec   .          Harm     .   (no ring)
rCorr   .          Rampage  .   (no ring)
Will    .....                   (no ring)
Stlth   ++........              (no ring)
HPRegen 0.08/turn               (no ring)
MPRegen 0.09/turn               (no ring)
                                (no ring)
                                (no ring)

@: lethally poisoned (-1 -> -3)
A: almost no armour, amphibious, 8 rings, camouflage 1, gelatinous body 1,
(nimble swimmer 1), tentacles
a: Renounce Religion, Fiery Armour, Foxfire Swarm, Rising Flame


You were on level 2 of the Dungeon.
You worshipped Ignis.
Ignis was extremely pleased with you.
You visited 1 branch of the dungeon, and saw 2 of its levels.

You collected 15 gold pieces.

Inventory:

Scrolls
 a - 2 scrolls of identify {unknown}
 b - 4 scrolls of brand weapon {unknown}
Potions
 c - a potion of mutation {unknown}


   Skills:
 + Level 3.4 Fighting
 + Level 1.3 Dodging
 + Level 3.4 Unarmed Combat
 - Level 1.0 Spellcasting
 - Level 3.0 Fire Magic


You had 4 spell levels left.
You didn't know any spells.
Your spell library contained the following spells:

 Spells                   Type           Power      Damage    Failure   Level
 Scorch                   Fire           20%        2d6       10%         2
 Static Discharge         Conj/Air       0%         N/A       34%         2
 Sublimation of Blood     Necr           0%         N/A       34%         2
 Wereblood                Tmut           0%         N/A       34%         2
 Sticky Flame             Conj/Fire      5%         2d3       77%         4
 Dispel Undead            Necr           0%         3d6       92%         4
 Summon Hydra             Summ           0%         N/A       100%        7


Dungeon Overview and Level Annotations

Branches:
Dungeon (2/15)

Altars:


Innate Abilities, Weirdness & Mutations

You cannot wear most types of armour.
You are amphibious.
You can wear up to eight rings at the same time.
Your skin changes colour to match your surroundings (Stealth+).
Your rubbery body absorbs attacks. (AC +1, EV +1)
((You are camouflaged when in or above water. (Stealth+)))
You have tentacles for arms and can constrict up to eight enemies at once.


Message History

You tentacle-slap the adder. Your grab misses the adder.
The adder is lightly wounded.
You feel sick. The adder barely misses you.
An adder is nearby!
You barely miss the adder. Your grab misses the adder.
Your squeeze misses the adder.
The adder is lightly wounded.
You feel sick.
You are no longer poisoned.
The adder bites you. The adder barely misses you.
You miss the adder. Your grab misses the adder.
The adder is lightly wounded.
The adder bites you.
You are poisoned.
The adder poisons you!
You tentacle-slap the adder but do no damage.
Your grab misses the adder.
The adder is lightly wounded.
You feel sick. The adder closely misses you.
You are too injured to fight recklessly!
You tentacle-slap the adder. You grab the adder. You squeeze the adder.
The adder is moderately wounded.
You constrict the adder.
You feel sick. The adder bites you but does no damage.
You are too injured to fight recklessly!
You tentacle-slap the adder but do no damage.
The adder is moderately wounded.
You constrict the adder.
You feel sick. The adder bites you.
* * * LOW HITPOINT WARNING * * *
The adder barely misses you.
You barely miss the adder.
The adder is heavily wounded.
You constrict the adder.
* * * LOW HITPOINT WARNING * * *
You feel sick. The adder closely misses you.
You completely miss the adder.
The adder is severely wounded.
You constrict the adder.
* * * LOW HITPOINT WARNING * * *
You feel sick. The adder bites you.
You die...

# ## #.##.##
.#...# ..### .....
..'.. ...# ..###
..# #S# #@# #.#
#+# #.# #.# #.#
#.# #.# ##.##
#.#######...##
#............#####
#######.)........#
####.#####..


You could see an adder.

Vanquished Creatures
  3 ball pythons (D:1)
  3 endoplasms
  A giant cockroach (D:1)
  4 goblins
  2 hobgoblins (D:1)
  4 jackals (D:1)
  3 bats (D:1)
  2 frilled lizards
  A rat (D:1)
23 creatures vanquished.

Notes
Turn   | Place    | Note
-------+----------+-------------------------------------------
     0 | D:1      | comborobin the Octopode Cinder Acolyte began the quest for
                  | the Orb.
     0 | D:1      | Reached XP level 1. HP: 16/16 MP: 2/2
    68 | D:1      | Found a faded altar of an unknown god.
   167 | D:1      | Reached XP level 2. HP: 20/21 MP: 3/3
   332 | D:1      | Reached skill level 1 in Dodging
   729 | D:1      | Reached XP level 3. HP: 26/26 MP: 4/4
   937 | D:2      | Slain by an adder

Illustrated notes

Levels and vault maps discovered:
D:1:      dpeg_arrival_water_temple_mockup, layout_basic,
          shapermc_ecumenical_altar_mp_highgroup
D:2:      layout_loops_corners

Skill      XL: |  1  2 |
---------------+-------+-----
Dodging        | 1 |  1.3
Fighting       | |  3.4
Unarmed Combat | |  3.4
Spellcasting   | |  1.0
Fire Magic     | |  3.0

Action                   || total
-------------------------++-------
Melee: Unarmed           ||    65
       Tentacles         ||     6
       Constrict         ||    12
       Punch             ||     1
  Use: Potion            ||     1
 Stab: Sleeping          ||     4
Armor: Skin              ||     8
Dodge: Dodged            ||    50

Table legend: (Time is in decaauts)
 A = Elapsed time spent in this place.
 B = Non-inter-level travel time spent in this place.
 C = Inter-level travel time spent in this place.
 D = Time resting spent in this place.
 E = Time spent auto-exploring this place.
 F = Levels seen in this place.
 G = Mean time per level.
                   A        B        C        D        E       F      G
               +--------+--------+--------+--------+--------+-----+--------+
         Total |    933 |    911 |     22 |     95 |    655 |   2 |  466.5 |
       Dungeon |    933 |    911 |     22 |     95 |    655 |   2 |  466.5 |
               +--------+--------+--------+--------+--------+-----+--------+

Top non-repeatable levels by time:
     D:1: 748 daAuts
     D:2: 184 daAuts
